Map: Tiefseeriff LE

Players

Panda - Winner!

  • Race: Zerg Zerg
  • League: Diamond
  • Spawn Location: 5:00

TripleDK

  • Race: Terran Terran
  • League: Diamond
  • Spawn Location: 11:00

VOD

Have the link to the VOD?

Description

Time

  • Played on: Sept. 9, 2017, 7:57 p.m.
  • Length: 3:30
Show
View Real Time Build Order
Export as new Build Order

Panda Zerg - Winner!

Build Orders: Pool Only 

Get SALT Encoding   

  12  0:01  Drone  
  13  0:18  Extractor  
  12  0:26  Spawning Pool  
  11  0:30  Drone  
  11  0:33  Drone  
  13  0:38  Drone  
  14  0:47  Overlord  
  14  1:13  Zergling x4  
  14  1:14  Zergling x2  
  14  1:17  Queen  
  19  1:24  Metabolic Boost  
  19  1:29  Zergling x2  
  20  1:34  Zergling x2  
  21  1:49  Baneling Nest  
  21  1:53  Overlord  
  20  1:59  Zergling x2  
  21  2:18  Zergling x4  
  22  2:32  Zergling x6  
  23  2:56  Zergling x4  
  24  3:10  Zergling x8  
Show
View Real Time Build Order
Export as new Build Order

TripleDK Terran 

Build Orders: Reaper Expand 

Get SALT Encoding   

  12  0:00  SCV  
  13  0:13  SCV  
  14  0:17  Supply Depot  
  14  0:25  Refinery  
  14  0:28  SCV  
  15  0:42  Barracks  
  15  0:46  SCV  
  16  0:58  SCV  
  17  1:10  SCV  
  18  1:22  SCV  
  19  1:29  Reaper  
  20  1:35  Orbital Command  
  20  1:46  Factory  
  20  2:01  Command Center  
  20  2:15  Reaper  
  20  2:31  Barracks  
  20  2:32  Hellion  
  22  2:45  Supply Depot  
  22  2:46  Supply Depot  
  21  3:07  Hellion  
  21  3:13  Supply Depot  
Tags
 
Add a new tag
Caveats
  • Supply blocks, unpowered buildings, or Contaminate may cause inaccurate times.
  • Supply counts are checked every 10 seconds.